 Dungeon Crawl Stone Soup version 0.25-a0-992-gca090100c3 (webtiles) character file.

Game seed: 11296264049566028599, levelgen mode: deterministic

203 Flugslaktarn the Chopper (level 5, -2/47 HPs)
             Began as a Minotaur Fighter on May 10, 2020.
             Slain by an ogre
             ... wielding a cursed -3 giant club
              (19 damage)
             ... on level 4 of the Dungeon.
             The game lasted 00:00:21 (623 turns).

Flugslaktarn the Chopper (Minotaur Fighter)          Turns: 623, Time: 00:00:22

Health: -2/47      AC:  7    Str: 21    XL:     5   Next: 51%
Magic:  4/4        EV:  7    Int:  5    God:
Gold:   30         SH:  9    Dex: 10    Spells: 4/4 levels left

rFire    . . .     SeeInvis .   a - +0 war axe
rCold    . . .     Gourm    .   c - +0 kite shield
rNeg     . . .     Faith    .   b - +0 scale mail
rPois    .         Spirit   .   (helmet restricted)
rElec    .         Reflect  .   (no cloak)
rCorr    .         Harm     .   (no gloves)
MR       .....                  (no boots)
Stlth    ..........             (no amulet)
HPRegen  0.15/turn              (no ring)
MPRegen  0.09/turn              (no ring)

@: no status effects
A: retaliatory headbutt, horns 2
a: no special abilities


You were on level 4 of the Dungeon.
You were not hungry.

You visited 1 branch of the dungeon, and saw 4 of its levels.

You collected 30 gold pieces.

Inventory:

Hand Weapons
 a - a +0 war axe (weapon)
Armour
 b - a +0 scale mail (worn)
 c - a +0 kite shield (worn)
Scrolls
 f - a scroll of immolation {unknown}
Potions
 d - a potion of might
 g - 2 potions of heal wounds {unknown}
Comestibles
 e - 3 rations
 h - 5 chunks of flesh


   Skills:
 + Level 4.6 Fighting
 * Level 4.8 Axes
 + Level 4.7 Armour
 + Level 4.6 Shields


You had 4 spell levels left.
You didn't know any spells.
Your spell library was empty.

Dungeon Overview and Level Annotations

Branches:
Dungeon (4/15)
 Temple: D:4-7

Altars:
Zin


Innate Abilities, Weirdness & Mutations

You reflexively headbutt those who attack you in melee.
You have a pair of horns on your head.


Message History

You hit the orc but do no damage.
The orc wizard casts a cantrip, but nothing happens.
The orc wizard mumbles some strange words.
The orc wizard seems to speed up.
The orc hits you but does no damage.
The ogre hits you with a cursed -3 giant club!
The orc hits you but does no damage.
You hit the ogre.
The ogre is severely wounded.
You slash the orc!
You kill the orc!
You closely miss the orc. You block the orc's attack.
The ogre hits you with a cursed -3 giant club!!
You barely miss the ogre.
You headbutt the ogre, but do no damage.
The ogre is severely wounded.
You closely miss the orc. You miss the orc wizard.
The orc wizard hits you with a +0 dagger.
The orc wizard hits you but does no damage.
The ogre hits you with a cursed -3 giant club!!
You die...

###..#### ##......# .#
##.#.##.# .# ##.#.##.###
..# ##.#......# ..#
.<.####.#.## ...#
...####....#######...###
........#.#.....o.......
.....##.#.....(.@O......
..(#.##.#.#.(...oo......
...#.###...#####.#...#.#
...#.####.## #.#...#
####......# #.# ..# #
###.#### #.# ..# # #.#
#.# .# ######.# #.. ..
)......#


You could see an ogre, 2 orc wizards and an orc.

Vanquished Creatures
  A bullfrog (D:4)
  An orc priest (D:3)
  An orc wizard (D:3)
  A hound skeleton (D:4)
  4 gnolls (D:4)
  2 adders (D:3)
  4 orcs
  A bat (D:1)
  A giant cockroach (D:1)
  2 goblins (D:1)
  A kobold (D:2)
  A frilled lizard (D:3)
  3 rats
23 creatures vanquished.

Vanquished Creatures (others)
  A plant (D:3)
1 creature vanquished.

Grand Total: 24 creatures vanquished

Notes
Turn   | Place    | Note
-------+----------+-------------------------------------------
     0 | D:1      | Flugslaktarn the Minotaur Fighter began the quest for the
                  | Orb.
     0 | D:1      | Reached XP level 1. HP: 19/19 MP: 0/0
   156 | D:3      | Reached XP level 2. HP: 19/27 MP: 1/1
   291 | D:3      | Found a glowing silver altar of Zin.
   334 | D:3      | Reached XP level 3. HP: 30/33 MP: 2/2
   340 | D:3      | Reached XP level 4. HP: 24/40 MP: 3/3
   501 | D:4      | Reached XP level 5. HP: 42/47 MP: 4/4
   617 | D:4      | Noticed an ogre
   623 | D:4      | Slain by an ogre

Illustrated notes

Levels and vault maps discovered:
D:1:      dpeg_arrival_refuge, layout_rooms
D:2:      layout_loops_ring, evilmike_ruin_ashenzari,
          nicolae_overflow_hidden_temple, chequers_ecumenical_altar_lobes,
          minmay_door_square
D:3:      layout_rooms, marbit_many_paths, serial_corexii_hall,
          corexii_hall_statues_deadend, chequers_hall_statues_y,
          kennysheep_big_empty_room, saegor_snake_ambush
D:4:      layout_loops_cross, lemuel_doored_altar, first_ration,
          gup_sewer_entry_bowl, serial_shops, nicolae_shop_statue_plus,
          minmay_misc_feat_hallway

Skill      XL: |  1  2  3  4 |
---------------+-------------+-----
Axes           | 3 4 |  4.8
Armour         | 4 |  4.7
Fighting       | 4 |  4.6
Shields        | 4 |  4.6

Action                   |  1- 3 |  4- 6 || total
-------------------------+-------+-------++-------
Melee: War axe           |    45 |    18 ||    63
       Headbutt          |     2 |     3 ||     5
Armor: Scale mail        |    29 |     9 ||    38
Dodge: Dodged            |    17 |     8 ||    25
Block: Kite shield       |    25 |    11 ||    36

Table legend:
 A = Non-vault XP
 B = Vault XP
 C = Vault XP percentage of total XP
 D = Non-vault monster count
 E = Vault monster count
 F = Vault count percentage of total count
                 A         B        C        D         E       F
            +---------+---------+-------+---------+---------+-------
      Total |     264 |      26 |   9.0 |      21 |       2 |   8.7
            +---------+---------+-------+---------+---------+-------
        D:1 |       8 |       0 |   0.0 |       5 |       0 |   0.0
        D:2 |       3 |       0 |   0.0 |       2 |       0 |   0.0
        D:3 |      87 |      26 |  23.0 |       7 |       2 |  22.2
        D:4 |     166 |       0 |   0.0 |       7 |       0 |   0.0
            +---------+---------+-------+---------+---------+-------
